 Dungeon Crawl Stone Soup version 0.28.0-45-g0d030f2227 (webtiles) character file.

Game seed: 15852075270627982084

40 zeratav the Insei (level 3, 0/23 HPs)
             Began as an Octopode Transmuter on Apr 11, 2022.
             Succumbed to a hobgoblin's poison
             ... on level 2 of the Dungeon.
             The game lasted 00:01:38 (1344 turns).

zeratav the Insei (Octopode Transmuter)             Turns: 1344, Time: 00:01:39

Health: 0/23       AC:  1    Str:  7 (9)  XL:     3   Next: 50%
Magic:  6/6        EV: 13    Int: 13 (15) God:
Gold:   27         SH:  0    Dex: 13 (14) Spells: 5/6 levels left

rFire   . . .      SeeInvis .     - Unarmed
rCold   . . .      Faith    .   (no shield)
rNeg    . . .      Spirit   .   (helmet restricted)
rPois   .          Reflect  .   (no amulet)
rElec   .          Harm     .   (no ring)
rCorr   .          Rampage  .   (no ring)
Will    .....                   (no ring)
Stlth   +++.......              (no ring)
HPRegen 0.07/turn               (no ring)
MPRegen 0.10/turn               (no ring)
                                (no ring)
                                (no ring)

@: brilliant, lethally poisoned (0 -> -3)
A: almost no armour, amphibious, 8 rings, camouflage 1, gelatinous body 1,
(nimble swimmer 1), tentacles
a: no special abilities


You were on level 2 of the Dungeon.
You visited 1 branch of the dungeon, and saw 2 of its levels.

You collected 27 gold pieces.


Innate Abilities, Weirdness & Mutations

You cannot wear most types of armour.
You are amphibious.
You can wear up to eight rings at the same time.
Your skin changes colour to match your surroundings (Stealth+).
Your rubbery body absorbs attacks. (AC +1, EV +1)
((You are camouflaged when in or above water. (Stealth+)))
You have tentacles for arms and can constrict up to eight enemies at once.


   Skills:
 + Level 1.6 Fighting
 + Level 2.4 Dodging
 + Level 1.8 Stealth
 * Level 3.6 Unarmed Combat
 - Level 2.0 Spellcasting
 - Level 2.0 Transmutations


You had 5 spell levels left.
You knew the following spells:

 Your Spells              Type           Power      Damage    Failure   Level
a - Beastly Appendage     Tmut           18%        N/A       11%         1

Your spell library contained the following spells:

 Spells                   Type           Power      Damage    Failure   Level
 Wereblood                Tmut           9%         N/A       17%         2
 Spider Form              Tmut/Pois      5%         N/A       45%         3
 Ice Form                 Ice/Tmut       5%         N/A       86%         4

Inventory:

Scrolls
 a - a scroll of amnesia {unknown}
 d - a scroll of noise {unknown}
 e - a scroll of identify {unknown}
Potions
 b - a potion of brilliance
 c - a potion of degeneration {!q@e2}

Dungeon Overview and Level Annotations

Branches:
Dungeon (2/15)

Altars:

Shops:
D:1

* .. #. .. #. .
#.##.###
..#..#...#####.
...............
.............#
#########..<.....>..#
#...<...# ##@....#
#.♣...♣.# #....#....
#..†....## ##.#...# #
#.♣...♣.#.##..##....#
#(......#.#..## ###.#
#.♣...♣.#....# #
#.......##...######
####.####......)..#
##.........##......#


There were no monsters in sight!


Message History

You barely miss the adder.
The adder hisses angrily.
Your grab misses the adder. The adder closely misses you.
You tentacle-slap the adder. Your grab misses the adder. The adder misses you.
You tentacle-slap the adder. Your grab misses the adder.
Your squeeze misses the adder. The adder bites you but does no damage.
You tentacle-slap the adder. Your grab misses the adder.
Your tentacle-slap misses the adder.
The adder barely misses you. The adder closely misses you.
You barely miss the adder. Your grab misses the adder.
Your squeeze misses the adder. The adder closely misses you.
You miss the adder. You grab the adder. You constrict the adder.
The adder bites you.
HP[-2]
You take 2 damage, and now have 19/23 hp.
You tentacle-slap the adder but do no damage.
You squeeze the adder.
You kill the adder!
No target in view!
No target in view!
No target in view!
No target in view!
No target in view!
No target in view!
No target in view!
No target in view!
No target in view!
No target in view!
No target in view!
No target in view!
Things that are here:
a +0 dagger {short}; a goblin corpse; HP[+4]
Your hp is fully restored (23).
A hobgoblin comes into view. It is quivering poisoned darts.
One of your tentacles grows a vicious spike.
The hobgoblin shouts!
The hobgoblin throws a poisoned dart.
The poisoned dart hits you!
You are poisoned.
MP[-1]
You lost 1 mp, and now have 5/6 mp.
You feel very sick.
HP[-3]
You take 3 damage, and now have 20/23 hp.
Your transformation is almost over.
You feel sick.
Found a stone staircase leading down.
You feel sick.
The hobgoblin throws a poisoned dart.
The poisoned dart hits you!
You are lethally poisoned!
You feel very sick. The hobgoblin misses you.
HP[-8]
You take 8 damage, and now have 12/23 hp.
MASSIVE DAMAGE!! (PAUSE)
You tentacle-slap the hobgoblin. You grab the hobgoblin.
Your tentacle spike misses the hobgoblin.
You constrict the hobgoblin.
* * * LOW HITPOINT WARNING * * *
You feel very sick. The hobgoblin barely misses you.
HP[-3]
You take 3 damage, and now have 9/23 hp.
You tentacle-slap the hobgoblin but do no damage.
You constrict the hobgoblin.
* * * LOW HITPOINT WARNING * * *
You feel sick. The hobgoblin misses you.
HP[-2]
You take 2 damage, and now have 7/23 hp.
You tentacle-slap the hobgoblin.
You kill the hobgoblin!
* * * LOW HITPOINT WARNING * * *
You feel sick.
HP[-2]
You take 2 damage, and now have 5/23 hp.
Found a stone staircase leading up.
* * * LOW HITPOINT WARNING * * *
You feel sick.
Things that are here:
4 poisoned darts {throwing}; 11 gold pieces; a hobgoblin corpse HP[-2]
You take 2 damage, and now have 3/23 hp.
It was a potion of brilliance.
You feel clever all of a sudden.
* * * LOW HITPOINT WARNING * * *
You feel sick.
It was a potion of degeneration.
There was something very wrong with that liquid.
You feel weakened.
You feel dopey.
You feel clumsy.
* * * LOW HITPOINT WARNING * * *
You feel sick.
HP[-1] MP[+1]
You take 1 damage, and now have 2/23 hp.
Your mp is fully restored (6).
Okay, then.
There is a lethal amount of poison in your body!
* * * LOW HITPOINT WARNING * * *
You feel sick.
HP[-1]
You take 1 damage, and now have 1/23 hp.
Your tentacle spike disappears.
You die...

Skill      XL: |  1  2 |
---------------+-------+-----
Stealth        | 1 |  1.8
Fighting       | |  1.6
Dodging        | |  2.4
Unarmed Combat | |  3.6
Spellcasting   | |  2.0
Transmutations | |  2.0

Action                   || total
-------------------------++-------
Melee: Unarmed           ||    57
       Constrict         ||    12
       Kick              ||     8
       Tentacles         ||     7
       Punch             ||     1
 Cast: Beastly Appendage ||    21
  Use: Potion            ||     2
 Stab: Sleeping          ||     6
Armor: Skin              ||     1
Dodge: Dodged            ||    37

Levels and vault maps discovered:
D:1:      dpeg_arrival_stone_temple_mockup, layout_loops_ring,
          dreamdust_ecumenical_altar_statues, serial_shops, shop,
          hangedman_feature_mirror, st_stairs_1
D:2:      layout_rooms, grunt_ministairs_3, uniq_crazy_yiuf_cottage,
          uniq_natasha

Notes
Turn   | Place    | Note
-------+----------+-------------------------------------------
     0 | D:1      | zeratav the Octopode Transmuter began the quest for the
                  | Orb.
     0 | D:1      | Reached XP level 1. HP: 13/13 MP: 3/3
     0 | D:1      | magus.rc [v1.9.6]
   102 | D:1      | Reached XP level 2. HP: 16/18 MP: 3/5
   146 | D:1      | Reached skill level 1 in Stealth
   717 | D:1      | Found a faded altar of an unknown god.
   796 | D:1      | Found Siorie's General Store.
  1219 | D:2      | Reached XP level 3. HP: 22/23 MP: 4/6
  1339 | D:2      | HP: 5/23 [poisoned by a hobgoblin]
  1342 | D:2      | HP: 2/23 [poisoned by a hobgoblin]
  1344 | D:2      | Succumbed to a hobgoblin's poison

Vanquished Creatures
  An adder (D:2)
  A dart slug (D:2)
  2 bats (D:1)
  2 endoplasms (D:1)
  A giant cockroach (D:2)
  3 goblins
  3 hobgoblins
  4 kobolds (D:1)
  A quokka (D:1)
  4 ball pythons
  3 frilled lizards
  6 rats (D:1)
31 creatures vanquished.

Table legend:
 A = Non-vault XP
 B = Vault XP
 C = Vault XP percentage of total XP
 D = Non-vault monster count
 E = Vault monster count
 F = Vault count percentage of total count
                 A         B        C        D         E       F
            +---------+---------+-------+---------+---------+-------
      Total |      47 |      11 |  19.0 |      23 |       8 |  25.8
            +---------+---------+-------+---------+---------+-------
        D:1 |      23 |       9 |  28.1 |      17 |       6 |  26.1
        D:2 |      24 |       2 |   7.7 |       6 |       2 |  25.0
            +---------+---------+-------+---------+---------+-------

Illustrated notes

Table legend:
 A = Kills in this place as a percentage of kills in entire the game.
 B = Kills by you in this place as a percentage of kills by you in the entire game.
 C = Kills by friends in this place as a percentage of kills by friends in the entire game.
 D = Other kills in this place as a percentage of other kills in the entire game.
 E = Experience gained in this place as a percentage of experience gained in the entire game.
 F = Experience gained in this place divided by the number of levels of this place that you have seen.
                   A       B       C       D       E      F
               +-------+-------+-------+-------+-------+----------------------
         Total | 100.0 | 100.0 |   N/A |   N/A | 100.0 |  29.0
       Dungeon | 100.0 | 100.0 |   N/A |   N/A | 100.0 |  29.0
               +-------+-------+-------+-------+-------+----------------------

Table legend: (Time is in decaauts)
 A = Elapsed time spent in this place.
 B = Non-inter-level travel time spent in this place.
 C = Inter-level travel time spent in this place.
 D = Time resting spent in this place.
 E = Time spent auto-exploring this place.
 F = Levels seen in this place.
 G = Mean time per level.
                   A        B        C        D        E       F      G
               +--------+--------+--------+--------+--------+-----+--------+
         Total |   1340 |   1288 |     52 |     19 |   1087 |   2 |  670.0 |
       Dungeon |   1340 |   1288 |     52 |     19 |   1087 |   2 |  670.0 |
               +--------+--------+--------+--------+--------+-----+--------+

Top non-repeatable levels by time:
     D:1: 1210 daAuts
     D:2: 129 daAuts
